 Dungeon Crawl Stone Soup version 0.30-a0-331-g8ab09dc110 (webtiles) character file.

Game seed: 9290744197572829733

29797 KayVoo the Bludgeoner (level 13, -13/116 HPs)
             Began as a Minotaur Fighter on Oct 29, 2022.
             Was a High Priest of Trog.
             Mangled by an orc knight
             ... wielding a +0 great sword
              (20 damage)
             ... on level 2 of the Orcish Mines.
             The game lasted 01:17:28 (13303 turns).

KayVoo the Bludgeoner (Minotaur Fighter)           Turns: 13303, Time: 01:17:29

Health: -13/116    AC: 21    Str: 26    XL:     13   Next: 17%
Magic:  0/12       EV:  7    Int:  5    God:    Trog [*****.]
Gold:   1280       SH:  6    Dex: 10    Spells: 12/12 levels left

rFire   . . .      SeeInvis +    x - +9 mace of Success {drain, SInv}
rCold   . . .      Faith    .    c - +0 buckler
rNeg    + . .      Spirit   +    I - +1 plate armour
rPois   .          Reflect  .    J - +2 hat
rElec   .          Harm     .    g - +0 cloak
rCorr   .          Rampage  .    y - +0 pair of gloves
Will    +....                    (no boots)
Stlth   ..........               D - amulet of guardian spirit
HPRegen 0.39/turn                E - ring of positive energy
MPRegen 0.13/turn                Q - ring of willpower

@: no status effects
A: horns 2, retaliatory headbutt
a: Renounce Religion, Berserk, Trog's Hand, Brothers in Arms


You were on level 2 of the Orcish Mines.
You worshipped Trog.
Trog was extremely pleased with you.
You visited 3 branches of the dungeon, and saw 15 of its levels.
You also visited: Sewer.

You collected 1280 gold pieces.

Inventory:

Hand Weapons
 x - the +9 mace of Success (weapon) {drain, SInv}
   (You found it on level 4 of the Dungeon)

   A truly terrible weapon, it drains the life of any living foe it strikes.
   SInv:      It lets you see invisible.
 H - the +6 shillelagh "Devastator" {shatter}
   (You found it on level 7 of the Dungeon)

   It releases a powerful concussive burst when it strikes, dealing extra damage
   to the target and all other foes adjacent to them.
Armour
 b - a +0 scale mail
 c - a +0 buckler (worn)
 g - a +0 cloak (worn)
 y - a +0 pair of gloves (worn)
 I - a +1 plate armour (worn)
 J - a +2 hat (worn)
Jewellery
 k - a ring of flight
 A - a ring of ice
 D - an amulet of guardian spirit (around neck)
 E - a ring of positive energy (left hand)
 K - a ring of fire
 P - a ring of ice
 Q - a ring of willpower (right hand)
Wands
 o - a wand of flame (38)
 s - a wand of charming (25)
 w - a wand of mindburst (23)
 z - a wand of roots (14)
Scrolls
 a - 3 scrolls of identify
 f - 2 scrolls of immolation
 j - 2 scrolls of enchant armour
 l - a scroll of torment {unknown}
 n - 2 scrolls of poison {unknown}
 p - 2 scrolls of enchant weapon
 q - 8 scrolls of teleportation
 r - a scroll of brand weapon {unknown}
 t - 5 scrolls of noise
 B - 2 scrolls of butterflies {unknown}
 C - a scroll of vulnerability {unknown}
 G - a scroll of fear {unknown}
 M - 2 scrolls of acquirement {unknown}
 O - a scroll of magic mapping {unknown}
Potions
 d - 3 potions of might
 e - 3 potions of brilliance
 h - 4 potions of attraction
 i - a potion of resistance
 m - 9 potions of curing
 u - a potion of mutation
 v - 3 potions of haste
 F - 2 potions of lignification
 L - 2 potions of flight
 N - a potion of invisibility
 R - a potion of ambrosia {unknown}


   Skills:
 + Level 11.2 Fighting
 - Level 8.2(14.1) Axes
 * Level 17.9(18.6) Maces & Flails
 + Level 11.2 Armour
 + Level 11.2 Shields


You had 12 spell levels left.
You didn't know any spells.
Your spell library contained the following spells:

 Spells                   Type           Power      Damage    Failure   Level
 Freeze                   Ice            0%         1d3       99%         1
 Dazzling Flash           Conj/Hex       0%         N/A       100%        3
 Frozen Ramparts          Ice            0%         1d1       100%        3
 Hailstorm                Conj/Ice       0%         3d3       100%        3
 Summon Guardian Golem    Hex/Summ       0%         N/A       100%        3
 Vhi's Electric Charge    Tloc/Air       0%         N/A       100%        3
 Iskenderun's Mystic Bla  Conj/Tloc      0%         2d3       100%        4
 Arcjolt                  Conj/Air       0%         1d10      100%        5
 Starburst                Conj/Fire      0%         6d3       100%        6
 Orb of Destruction       Conj           0%         9d5       100%        7
 Spellforged Servitor     Conj/Summ      0%         N/A       100%        7
 Maxwell's Capacitive Co  Air            0%         ∞         100%        8


Dungeon Overview and Level Annotations

Branches:
Dungeon (12/15) Zot: 25568  Temple (1/1) D:7 Zot: 5770     Orc (2/2) D:12 Zot: 11601
  Sewer (visited)
   Lair: D:8-11         Elf: Orc:2

Altars:
Ashenzari
Cheibriados
Dithmenos
Elyvilon
Fedhas
Gozag
Hepliaklqana
Kikubaaqudgha
Makhleb
Nemelex Xobeh
Okawaru
Qazlal
Ru
Sif Muna
Trog
Uskayaw
Vehumet
Wu Jian
Xom
Yredelemnul
Zin
The Shining One

Portals:
Ice
Cave: Orc:1

Annotations:
D:7 2 transporters
D:8 2 transporters
D:12 2 transporters, Bijuu's ghost, journeyman HOFi


Innate Abilities, Weirdness & Mutations

You have a pair of horns on your head.
You reflexively headbutt those who attack you in melee.


Message History

You thump the orc warrior! You drain the orc warrior.
Your headbutt misses the orc warrior.
The orc warrior is heavily wounded.
You hit the orc warrior. You headbutt the orc warrior.
The orc warrior is severely wounded.
The orc warrior hits you from afar with a +0 halberd!
The orc warrior hits you but does no damage.
You barely miss the orc warrior.
The orc warrior is severely wounded.
You block the orc warrior's attack.
The orc warrior hits you but does no damage.
You barely miss the orc warrior.
The orc warrior is severely wounded.
You hit the orc warrior but do no damage.
The orc warrior is severely wounded.
The orc warrior hits you but does no damage.
The orc warrior hits you with a +0 battleaxe.
The orc sorcerer casts a spell at you. The bolt of fire hits you!!
The bolt of fire hits the orc!!
The orc dies!
You block the orc warrior's attack.
You closely miss the orc warrior.
The orc warrior is severely wounded.
The orc warrior hits you with a +0 halberd!
The orc warrior hits you with a +0 battleaxe.
You block the orc sorcerer's attack.
The orc knight hits you with a +0 great sword!!
The orc warrior hits you from afar with a +0 halberd!
* * * LOW HITPOINT WARNING * * *
You sock the orc warrior!
You kill the orc warrior!
Trog accepts your kill. The orc barely misses you.
You block the orc warrior's attack. x2
The orc sorcerer points at you and mumbles some strange words.
You resist with almost no effort.
The orc knight hits you with a +0 great sword!!
* * * LOW HITPOINT WARNING * * *
The orc sorcerer casts a spell.
The orc knight hits you with a +0 great sword!!
You die...

#.. #......
##.. .......
#... .......
#...#.......
#.#....#
#....# .
##o..$#....
#oooo......
##@#.......
#..3.....$.
##.#.......
##......#.
........
......#.
......#
..##...


You could see an orc knight, a sixfirhy (summoned), an orc sorcerer (strong), 2
orc warriors and an orc (strong).

Vanquished Creatures
  Frances (D:12)
  Gastronok (D:8)
  Snorg (D:10)
  Josephine (D:11)
  A hydra (D:11)
  Fannar (D:12)
  5 two-headed ogres
  2 boulder beetles (D:11)
  Nergalle (D:10)
  Sonja (D:10)
  Pikel (D:4)
  3 orc sorcerers
  3 deep elf pyromancers
  3 manticores
  3 ugly things (D:12)
  3 cyclopes
  Maurice (D:8)
  Joseph (D:8)
  Maggie (D:10)
  4 gargoyles
  2 unseen horrors (D:12)
  A komodo dragon (D:10)
  4 trolls
  A hornet (D:9)
  6 slime creatures (D:12)
  Grinder (D:6)
  Sigmund (D:4)
  7 wraiths
  4 shadows
  A steam dragon (D:8)
  5 vampire mosquitoes
  2 acid dragons (D:11)
  Duvessa (D:4)
  2 water moccasins (D:7)
  3 ice beasts
  7 orc warriors
  A black bear (D:6)
  3 sky beasts
  Pargi (Sewer)
  2 ogres
  2 wolves (D:8)
  2 centaurs (D:9)
  6 kobold brigands
  A lemure (D:4)
  5 bullfrogs
  Blork the orc (D:5)
  6 scorpions
  A necrophage (D:5)
  2 two-headed ogre simulacra (Orc:1)
  Dowan (D:4)
  2 troll zombies (D:12)
  10 killer bees
  2 howler monkeys (D:10)
  9 hounds
  3 orc priests
  5 iguanas
  13 orc wizards
  2 troll simulacra (Orc:1)
  2 spriggan simulacra (Orc:1)
  4 ogre zombies (D:12)
  Robin (D:3)
  6 gnolls
  13 adders
  A river rat (D:4)
  2 naga simulacra (Orc:1)
  A shadow imp (D:7)
  2 white imps
  4 ufetubi
  2 worms
  A dart slug (D:1)
  33 orcs
  12 bats
  2 endoplasms
  2 giant cockroaches
  8 goblins
  10 hobgoblins
  3 jackals
  24 kobolds
  2 quokkas
  12 ball pythons
  5 frilled lizards
  A goblin skeleton (D:12)
  A goblin zombie (D:12)
  2 hobgoblin skeletons (D:12)
  3 hobgoblin zombies (D:12)
  3 orc skeletons (D:12)
  9 orc zombies (D:12)
  7 rats
344 creatures vanquished.

Vanquished Creatures (others)
  Psyche (D:8)
  An orc priest (Orc:1)
  An orc (Orc:2)
  3 kobolds
  2 plants (D:7)
8 creatures vanquished.

Grand Total: 352 creatures vanquished

Notes
Turn   | Place    | Note
-------+----------+-------------------------------------------
     0 | D:1      | KayVoo the Minotaur Fighter began the quest for the Orb.
     0 | D:1      | Reached XP level 1. HP: 19/19 MP: 0/0
   329 | D:1      | Reached XP level 2. HP: 27/27 MP: 1/1
  1271 | D:2      | Reached XP level 3. HP: 26/33 MP: 2/2
  1848 | D:3      | Noticed Robin
  1857 | D:3      | Reached XP level 4. HP: 40/40 MP: 3/3
  1868 | D:3      | Reached skill level 5 in Axes
  1875 | D:3      | Killed Robin
  2914 | D:4      | Found a glowing drain.
  2925 | Sewer    | Entered a sewer
  2928 | Sewer    | Reached XP level 5. HP: 35/46 MP: 4/4
  2957 | Sewer    | Noticed Pargi
  2974 | Sewer    | Killed Pargi
  3077 | D:4      | Identified the +9 mace of Success {drain, SInv}
  3111 | D:4      | Reached XP level 6. HP: 44/52 MP: 5/5
  3119 | D:4      | Noticed Duvessa
  3119 | D:4      | Noticed Dowan
  3129 | D:4      | Killed Duvessa
  3133 | D:4      | Killed Dowan
  3134 | D:4      | Reached skill level 1 in Maces & Flails
  3246 | D:4      | Noticed Pikel
  3257 | D:4      | Killed Pikel
  3258 | D:4      | Reached skill level 6 in Maces & Flails
  3258 | D:4      | Reached XP level 7. HP: 44/58 MP: 6/6
  3335 | D:4      | Reached skill level 7 in Maces & Flails
  3335 | D:4      | Reached XP level 8. HP: 66/66 MP: 7/7
  3491 | D:4      | Noticed Sigmund
  3498 | D:4      | Killed Sigmund
  3499 | D:4      | Reached skill level 8 in Maces & Flails
  3504 | D:4      | Reached skill level 9 in Maces & Flails
  3581 | D:4      | Found a broken altar of Ashenzari.
  3795 | D:5      | Entered Level 5 of the Dungeon
  3952 | D:5      | Found a glowing golden altar of the Shining One.
  3999 | D:5      | Reached skill level 10 in Maces & Flails
  4127 | D:5      | Found a bloodstained altar of Trog.
  4140 | D:5      | Became a worshipper of Trog the Wrathful
  4176 | D:5      | Noticed Blork the orc
  4187 | D:5      | Killed Blork the orc
  4188 | D:5      | Reached skill level 11 in Maces & Flails
  4254 | D:5      | Found a radiant altar of Vehumet.
  4703 | D:6      | Reached XP level 9. HP: 69/71 MP: 8/8
  4866 | D:6      | Noticed Grinder
  4873 | D:6      | Found an ancient bone altar of Kikubaaqudgha.
  4883 | D:6      | Killed Grinder
  5410 | D:7      | Reached * piety under Trog
  5587 | D:7      | Found a staircase to the Ecumenical Temple.
  5694 | D:7      | Noticed a troll
  5694 | D:7      | Noticed a kobold demonologist
  5696 | D:7      | Noticed a kobold demonologist
  5712 | D:7      | Found a transporter.
  5798 | D:7      | Found the +6 shillelagh "Devastator" {shatter}
  5902 | D:7      | Noticed a gargoyle
  5911 | D:7      | Killed a gargoyle
  5912 | D:7      | Reached skill level 5 in Fighting
  5912 | D:7      | Reached skill level 12 in Maces & Flails
  5912 | D:7      | Reached skill level 5 in Armour
  5912 | D:7      | Reached skill level 5 in Shields
  6124 | D:7      | Noticed a two-headed ogre
  6131 | D:7      | Killed a two-headed ogre
  6209 | D:7      | Noticed a two-headed ogre
  6219 | D:7      | Killed a two-headed ogre
  6220 | D:7      | Reached XP level 10. HP: 49/83 MP: 6/9
  6532 | D:7      | Found a transporter.
  6806 | Temple   | Entered the Ecumenical Temple
  7060 | D:8      | Noticed Gastronok
  7067 | D:8      | Reached skill level 13 in Maces & Flails
  7087 | D:8      | Noticed a two-headed ogre
  7087 | D:8      | Noticed Joseph
  7090 | D:8      | Killed Gastronok
  7097 | D:8      | Killed Joseph
  7101 | D:8      | Killed a two-headed ogre
  7314 | D:8      | Noticed Psyche
  7320 | D:8      | Killed Psyche
  7321 | D:8      | Reached skill level 14 in Maces & Flails
  7609 | D:8      | Found a transporter.
  7656 | D:8      | Found a transporter.
  7671 | D:8      | Noticed Maurice
  7679 | D:8      | Killed Maurice
  7717 | D:8      | Noticed an orc sorcerer
  7787 | D:8      | Reached XP level 11. HP: 93/93 MP: 10/10
  7981 | D:9      | Reached ** piety under Trog
  8038 | D:9      | Paralysed by a hornet for 3 turns
  8491 | D:10     | Entered Level 10 of the Dungeon
  8491 | D:10     | Noticed Nergalle
  8503 | D:10     | Killed Nergalle
  8920 | D:10     | Reached skill level 15 in Maces & Flails
  8948 | D:10     | Noticed Maggie
  8966 | D:10     | Killed Maggie
  9183 | D:10     | Reached *** piety under Trog
  9236 | D:10     | Noticed Sonja
  9250 | D:10     | Killed Sonja
  9607 | D:10     | Noticed Snorg
  9620 | D:10     | Killed Snorg
  9764 | D:10     | Found an ornate altar of the Wu Jian Council.
 10484 | D:11     | Noticed a boulder beetle
 10501 | D:11     | Killed a boulder beetle
 10518 | D:11     | Noticed a two-headed ogre
 10523 | D:11     | Killed a two-headed ogre
 10837 | D:11     | Noticed Josephine
 10847 | D:11     | Reached skill level 16 in Maces & Flails
 10849 | D:11     | Killed Josephine
 10850 | D:11     | Reached XP level 12. HP: 105/105 MP: 7/11
 10891 | D:11     | Noticed a boulder beetle
 10900 | D:11     | Killed a boulder beetle
 11103 | D:11     | Noticed a two-headed ogre
 11104 | D:11     | Noticed a six-headed hydra
 11119 | D:11     | Killed a two-headed ogre
 11123 | D:11     | Killed a six-headed hydra
 11124 | D:11     | Reached skill level 10 in Armour
 11126 | D:11     | Reached skill level 10 in Fighting
 11126 | D:11     | Reached skill level 10 in Shields
 11498 | D:12     | Noticed Fannar
 11513 | D:12     | Killed Fannar
 11725 | D:12     | Reached skill level 17 in Maces & Flails
 11853 | D:12     | Noticed a tengu warrior
 11854 | D:12     | Noticed an ettin
 11880 | D:12     | Noticed Frances
 11897 | D:12     | Killed Frances
 12266 | D:12     | Reached XP level 13. HP: 101/115 MP: 12/12
 12374 | D:12     | Found a staircase to the Orcish Mines.
 12417 | D:12     | Reached **** piety under Trog
 12424 | D:12     | Noticed Bijuu's ghost (journeyman HOFi)
 12438 | D:12     | Found a bloodstained altar of Trog.
 12445 | D:12     | Found a transporter.
 12448 | D:12     | Found a transporter.
 12706 | Orc:1    | Entered Level 1 of the Orcish Mines
 12975 | Orc:1    | Found a frozen archway.
 13049 | Orc:1    | Found a bloodstained altar of Trog.
 13072 | Orc:1    | Reached ***** piety under Trog
 13287 | Orc:2    | Entered Level 2 of the Orcish Mines
 13303 | Orc:2    | Mangled by an orc knight

Illustrated notes

Levels and vault maps discovered:
D:1:      dpeg_arrival_circle_labyrinth_c, layout_rooms, minivault_11
D:2:      layout_basic, chequers_serial_rivers_small_3
D:3:      layout_basic, hangedman_feature_mirror, uniq_robin
D:4:      layout_loops_ring, overflow_temple_1_default, portal_sewer_entry_e,
          roderic_lattice_a, uniq_sigmund, uniq_duvessa, uniq_pikel
D:5:      minmay_recursive_quarters, layout_rooms, trog_book,
          nicolae_tso_swordbearing_angel, vehumet_crystals, grunt_ministairs_5,
          uniq_blork_the_orc
D:6:      nicolae_cairo_tiling, layout_basic, lemuel_tele_altar, uniq_grinder
D:7:      gammafunk_the_bubble [the_bubble_gammafunk_split], layout_layer_cave,
          minmay_temple_entry_overgrown, dilly_guarded_unrand_devastator
D:8:      gammafunk_wand_slinger, layout_rooms, erik_lair_island, serial_ice,
          serial_ice_a, serial_ice_g, serial_ice_b, serial_ice_h,
          kennysheep_generic_room_15, uniq_maurice, uniq_psyche, uniq_joseph,
          uniq_gastronok
D:9:      layout_rooms, hex_medium
D:10:     layout_irregular_city, mainiacjoe_overflow_surrounded_room,
          uniq_snorg, uniq_maggie, uniq_sonja, uniq_nergalle
D:11:     kennysheep_blocky_room, layout_basic, uniq_josephine
D:12:     layout_long_grid, zombieorc1_lemuel,
          gammafunk_ghost_wrathful_warriors, uniq_frances, uniq_fannar
Temple:   nicolae_temple_slightly_damp_pantheon
Orc:1:    layout_caves, serial_shops, portal_ice_cave_entry_ice_simulacra,
          abandoned_shop, trog_butcher_becter
Orc:2:    pf_orc_diabolical, layout_caves, serial_shops, nicolae_square_shop

Skill      XL: |  1  2  3  4  5  6  7  8  9 10 11 12 13 |
---------------+----------------------------------------+-----
Axes           | 4 6 7 8 |  8.2
Maces & Flails | 6 7 11 12 14 16 17 | 17.9
Shields        | 4 6 7 9 11 | 11.2
Fighting       | 6 7 9 10 11 | 11.2
Armour         | 6 7 9 11 | 11.2

Action                   |  1- 3 |  4- 6 |  7- 9 | 10-12 | 13-15 || total
-------------------------+-------+-------+-------+-------+-------++-------
Melee: War axe           |    68 |    82 |       |       |       ||   150
       Headbutt          |     7 |    15 |    25 |    91 |    10 ||   148
       Mace              |       |    25 |   154 |   462 |   111 ||   752
Invok: Berserk           |       |       |       |     9 |       ||     9
       Trog's Hand       |       |       |       |     6 |       ||     6
  Use: Scroll            |     4 |       |     3 |     9 |       ||    16
       Potion            |       |       |     1 |     3 |       ||     4
Armor: Scale mail        |    35 |    72 |    53 |       |       ||   160
       Plate armour      |       |       |       |   286 |    49 ||   335
Dodge: Dodged            |    45 |    62 |    55 |   146 |    28 ||   336
Block: Buckler           |    25 |    31 |    24 |   124 |    36 ||   240

Table legend: (Time is in decaauts)
 A = Elapsed time spent in this place.
 B = Non-inter-level travel time spent in this place.
 C = Inter-level travel time spent in this place.
 D = Time resting spent in this place.
 E = Time spent auto-exploring this place.
 F = Levels seen in this place.
 G = Mean time per level.
                   A        B        C        D        E       F      G
               +--------+--------+--------+--------+--------+-----+--------+
         Total |  13291 |  13050 |    241 |   2646 |   6560 |  16 |  830.7 |
       Dungeon |  12557 |  12329 |    228 |   2646 |   6157 |  12 | 1046.4 |
        Temple |    229 |    229 |      0 |      0 |    148 |   1 |  229.0 |
  Orcish Mines |    397 |    384 |     13 |      0 |    226 |   2 |  198.5 |
         Sewer |    106 |    106 |      0 |      0 |     29 |   1 |  106.0 |
               +--------+--------+--------+--------+--------+-----+--------+

Top non-repeatable levels by time:
    D:10: 1840 daAuts
     D:7: 1799 daAuts
    D:12: 1431 daAuts
    D:11: 1090 daAuts
     D:3: 1046 daAuts
     D:2: 988 daAuts
     D:1: 859 daAuts
     D:4: 852 daAuts
     D:6: 837 daAuts
     D:5: 756 daAuts
     D:8: 535 daAuts
     D:9: 519 daAuts
   Orc:1: 383 daAuts
  Temple: 229 daAuts
   Sewer: 106 daAuts
